 Dungeon Crawl Stone Soup version 0.24-a0-417-g1cce26a4d2 (webtiles) character file.

Game seed: 16294991656510197583

7 Elric the Sneak (level 1, -1/9 HPs)
             Began as a Spriggan Enchanter on June 10, 2019.
             Slain by a kobold
             ... wielding a +0 club
              (2 damage)
             ... on level 1 of the Dungeon.
             The game lasted 00:00:28 (233 turns).

Elric the Sneak (Spriggan Enchanter)                 Turns: 233, Time: 00:00:29

Health: -1/9       AC:  2    Str:  4    XL:     1   Next: 83%
Magic:  4/5        EV: 18    Int: 16    God:
Gold:   9          SH:  0    Dex: 16    Spells: 4/5 levels left

rFire    . . .     SeeInvis +   a - +1 dagger
rCold    . . .     Gourm    .   (shield restricted)
rNeg     . . .     Faith    .   b - +0 robe
rPois    .         Spirit   .   (helmet restricted)
rElec    .         Reflect  .   (no cloak)
rCorr    .         Harm     .   (gloves unavailable)
MR       .....                  (boots unavailable)
Stlth    +++.......             (no amulet)
HPRegen  0.03/turn              (no ring)
MPRegen  0.09/turn              (no ring)

@: very quick
A: very small, unfitting armour, see invisible, herbivore, speed 3, slow
metabolism 2
a: no special abilities


You were on level 1 of the Dungeon.
You were not hungry.

You visited 1 branch of the dungeon, and saw 1 of its levels.

You collected 9 gold pieces.

Inventory:

Hand Weapons
 a - a +1 dagger (weapon)
Armour
 b - a +0 robe (worn)
Comestibles
 d - a ration


   Skills:
 + Level 0.3 Fighting
 + Level 1.4 Short Blades
 - Level 3.0 Dodging
 + Level 4.6 Stealth
 + Level 2.9 Spellcasting
 - Level 3.6 Hexes


You had 4 spell levels left.
You knew the following spells:

 Your Spells              Type           Power        Failure   Level  Hunger
a - Corona                Hex            ##.....      4%          1    #......

Your spell library contained the following spells:

 Spells                   Type           Power        Failure   Level  Hunger
 Confuse                  Hex            ##......     13%         3    ###....
 Tukima's Dance           Hex            ##......     13%         3    ###....
 Ensorcelled Hibernation  Hex/Ice        #.....       14%         2    ##.....
 Dazzling Spray           Conj/Hex       #.....       26%         3    ###....


Dungeon Overview and Level Annotations

Branches:
Dungeon (1/15)

Altars:


Innate Abilities, Weirdness & Mutations

You are very small and have problems with some larger weapons.
You are too small for most types of armour.
You have supernaturally acute eyesight. (SInv)
You are a herbivore.
You cover ground extremely quickly.
You need to consume almost no food.


Message History

The slug dart hits you. The kobold barely misses you.
You hit the dart slug but do no damage.
The dart slug is severely wounded.
The dart slug closely misses you. The kobold hits you with a +0 club.
You are too injured to fight recklessly!
Casting: Corona (safe; 4% risk of failure)
Confirm with . or Enter, or press ? or * to list all spells.
Aiming: Corona (safe; 4% risk of failure)
Press: ? - help, Shift-Dir - straight line, f - kobold
Aim: a kobold, wielding a +0 club (chance to defeat MR: 67%)
The kobold is outlined in light.
The kobold hits you with a +0 club.
Unknown command.
You hit the kobold but do no damage. The kobold hits you with a +0 club.
* * * LOW HITPOINT WARNING * * *
You hit the kobold.
The kobold is moderately wounded.
You hit the kobold.
The kobold is heavily wounded.
The kobold hits you with a +0 club.
You die...

.......#.###.#..
................
......)..........
....#...#.#####..#
. .................
..##.##.##.#####..#
...........#####
.................
.......#@#.#.....
..#..#.#K#.##....
$.......w..# .#.#
..#..#.#.#..... #
>.. .....#..#.## .
..............
#........#..#.#
.....#.###..#...
#.####. .# ##


You could see a dart slug and a kobold.

Vanquished Creatures
  An ooze (D:1)
  A leopard gecko (D:1)
2 creatures vanquished.

Notes
Turn   | Place    | Note
-------+----------+-------------------------------------------
     0 | D:1      | Elric the Spriggan Enchanter began the quest for the Orb.
     0 | D:1      | Reached XP level 1. HP: 9/9 MP: 5/5
   233 | D:1      | Slain by a kobold

Levels and vault maps discovered:
D:1:      scummos_arrival_simple_fountains, layout_basic

Action                   || total
-------------------------++-------
Melee: Dagger            ||    25
 Cast: Corona            ||     2
Armor: Robe              ||     3
Dodge: Dodged            ||    18

Table legend:
 A = Non-vault XP
 B = Vault XP
 C = Vault XP percentage of total XP
 D = Non-vault monster count
 E = Vault monster count
 F = Vault count percentage of total count
                 A         B        C        D         E       F
            +---------+---------+-------+---------+---------+-------
      Total |      10 |       0 |   0.0 |       2 |       0 |   0.0
            +---------+---------+-------+---------+---------+-------
        D:1 |      10 |       0 |   0.0 |       2 |       0 |   0.0
            +---------+---------+-------+---------+---------+-------
